 Dungeon Crawl Stone Soup version 0.28.0-43-g3370ac3207 (webtiles) character file.

Game seed: 13150412191493009356

361 lonewolfV2 the Chopper (level 6, 0/53 HPs)
             Began as a Hill Orc Fighter on Mar 1, 2022.
             Slain by a centaur skeleton (1 damage)
             ... on level 4 of the Dungeon.
             The game lasted 00:07:39 (3235 turns).

lonewolfV2 the Chopper (Hill Orc Fighter)           Turns: 3235, Time: 00:07:40

Health: 0/53       AC:  3    Str: 21    XL:     6   Next: 66%
Magic:  6/6        EV: 11    Int:  8    God:
Gold:   208        SH:  5    Dex: 14    Spells: 5/5 levels left

rFire   + . .      SeeInvis .   j - +2 falchion (elec)
rCold   . . .      Faith    .   c - +0 buckler
rNeg    . . .      Spirit   .   g - +1 robe of Laicvivu {rPois rF+ Dex+4 Stlth+}
rPois   +          Reflect  .   (no helmet)
rElec   .          Harm     .   (no cloak)
rCorr   .          Rampage  .   (no gloves)
Will    .....                   (no boots)
Stlth   +++.......              (no amulet)
HPRegen 0.17/turn               (no ring)
MPRegen 0.10/turn               (no ring)

@: flying
A: no striking features
a: no special abilities


You were on level 4 of the Dungeon.
You visited 1 branch of the dungeon, and saw 4 of its levels.

You collected 208 gold pieces.

Inventory:

Hand Weapons
 a - a +0 war axe
 j - a +2 falchion of electrocution (weapon)
Armour
 b - a +0 scale mail
 c - a +0 buckler (worn)
 g - the +1 robe of Laicvivu (worn) {rPois rF+ Dex+4 Stlth+}
   (You found it on level 3 of the Dungeon)

   Dex:       It affects your dexterity (+4).
   rF:        It protects you from fire.
   rPois:     It protects you from poison.
   Stlth:     It makes you more stealthy.
Scrolls
 d - a scroll of immolation {unknown}
 e - a scroll of identify
 f - a scroll of fog {unknown}
 h - 2 scrolls of noise {unknown}
 i - a scroll of teleportation {unknown}
Potions
 k - a potion of curing {unknown}
 m - a potion of berserk rage {unknown}


   Skills:
 + Level 4.4 Fighting
 + Level 2.0 Long Blades
 + Level 5.5 Axes
 + Level 4.7 Armour
 + Level 1.2 Dodging
 + Level 0.9 Stealth
 + Level 4.1 Shields


You had 5 spell levels left.
You didn't know any spells.
Your spell library was empty.

Dungeon Overview and Level Annotations

Branches:
Dungeon (4/15)
 Temple: D:4-7

Altars:
Ashenzari
Gozag
Okawaru
Trog
Wu Jian


Message History

You hit Edmund but do no damage.
Edmund is almost dead.
Edmund gestures with his flail.
Edmund barely misses you. The centaur skeleton hits you.
* * * LOW HITPOINT WARNING * * *
You block the centaur skeleton's attack.
Edmund closely misses you.
You slash Edmund!
You kill Edmund!
The centaur skeleton hits you.
* * * LOW HITPOINT WARNING * * *
The centaur skeleton kicks you.
* * * LOW HITPOINT WARNING * * *
The centaur skeleton hits you.
* * * LOW HITPOINT WARNING * * *
You block the centaur skeleton's attack.
Your Long Blades skill increases to level 2!
The centaur skeleton hits you.
* * * LOW HITPOINT WARNING * * *
You block the centaur skeleton's attack.
The centaur skeleton hits you.
* * * LOW HITPOINT WARNING * * *
The centaur skeleton misses you.
Things that are here:
a +3 vorpal flail; a +0 ring mail; the human corpse of Edmund It was a potion of flight.
You feel very buoyant.
You fly up into the air.
The centaur skeleton hits you.
* * * LOW HITPOINT WARNING * * *
The centaur skeleton kicks you but does no damage.
You hit the centaur skeleton.
Lightning courses through the centaur skeleton!
The centaur skeleton is heavily damaged.
The centaur skeleton closely misses you.
The centaur skeleton kicks you.
* * * LOW HITPOINT WARNING * * *
You hit the centaur skeleton.
The centaur skeleton is heavily damaged.
The centaur skeleton hits you.
You die...

##### ##...## #####
##.....## #...
........######?###
.................#
#...#...######.#.###.#.#
#...#..## #..@Z......
#≈.≈#..# ###.####...
#≈.§#.## .#.# #≈.≈### .#
#.# #...# ## ## #._.#
#≈.≈### #####.##
##.....##


You could see a centaur skeleton.

Vanquished Creatures
  Edmund (D:4)
  An ogre (D:3)
  A hound (D:3)
  An orc wizard (D:3)
  2 adders (D:3)
  2 worms (D:2)
  3 dart slugs
  6 orcs (D:3)
  6 endoplasms
  A giant cockroach (D:1)
  7 goblins
  8 hobgoblins
  6 jackals (D:1)
  4 quokkas
  5 ball pythons
  4 bats
  6 frilled lizards
  5 kobolds
  9 rats
78 creatures vanquished.

Notes
Turn   | Place    | Note
-------+----------+-------------------------------------------
     0 | D:1      | lonewolfV2 the Hill Orc Fighter began the quest for the
                  | Orb.
     0 | D:1      | Reached XP level 1. HP: 19/19 MP: 1/1
   168 | D:1      | Reached XP level 2. HP: 24/27 MP: 2/2
   373 | D:1      | Reached skill level 3 in Axes
   381 | D:1      | Reached XP level 3. HP: 30/33 MP: 3/3
  1134 | D:2      | Found a faded altar of an unknown god.
  1141 | D:2      | Noticed a floating eye
  1158 | D:2      | Noticed a shining eye
  1159 | D:2      | Noticed a floating eye
  1159 | D:2      | Noticed a floating eye
  1707 | D:2      | Reached XP level 4. HP: 23/40 MP: 4/4
  1964 | D:3      | Reached skill level 4 in Axes
  2253 | D:3      | Noticed an ogre
  2263 | D:3      | Killed an ogre
  2264 | D:3      | Reached skill level 5 in Axes
  2264 | D:3      | Reached skill level 1 in Dodging
  2264 | D:3      | Reached XP level 5. HP: 12/46 MP: 5/5
  2681 | D:3      | Reached XP level 6. HP: 38/52 MP: 6/6
  2691 | D:3      | Identified the +1 robe of Laicvivu {rPois rF+ Dex+4 Stlth+}
  2908 | D:3      | Reached skill level 1 in Long Blades
  3086 | D:4      | Found an opulent altar of Gozag.
  3090 | D:4      | Found an ornate altar of the Wu Jian Council.
  3090 | D:4      | Found a broken altar of Ashenzari.
  3090 | D:4      | Found a bloodstained altar of Trog.
  3181 | D:4      | Found an iron altar of Okawaru.
  3217 | D:4      | Noticed Edmund
  3231 | D:4      | Killed Edmund
  3233 | D:4      | HP: 2/53 [centaur skeleton (2)]
  3235 | D:4      | Slain by a centaur skeleton

Illustrated notes

Levels and vault maps discovered:
D:1:      shiori_shiawase, layout_basic
D:2:      layout_rooms, hellmonk_ecumenical_altar_watching_god
D:3:      layout_basic, st_stairs_6
D:4:      layout_loops_corners, grunt_temple_overflow_open, pf_just_have_faith,
          serial_shops, shop, portal_sewer_entry_b, corexii_leaking_fountain,
          uniq_edmund

Skill      XL: |  1  2  3  4  5  6 |
---------------+-------------------+-----
Axes           | 3 5 |  5.5
Fighting       | 4 |  4.4
Armour         | 4 |  4.7
Dodging        | 1 |  1.2
Shields        | 4 |  4.1
Long Blades    | 2 |  2.0
Stealth        | |  0.9

Action                   |  1- 3 |  4- 6 || total
-------------------------+-------+-------++-------
Melee: War axe           |   120 |    26 ||   146
       Falchion          |       |    55 ||    55
  Use: Scroll            |     1 |       ||     1
       Potion            |       |     3 ||     3
 Stab: Sleeping          |       |     2 ||     2
Armor: Scale mail        |    54 |    41 ||    95
       Robe              |       |     3 ||     3
Dodge: Dodged            |    64 |    59 ||   123
Block: Buckler           |    34 |    21 ||    55
